 Dungeon Crawl Stone Soup version 0.26-a0-854-gdc81c2f471 (webtiles) character file.

Game seed: 6136907739178552369

13 iamoutofideas the Firebug (level 2, 0/17 HPs)
             Began as an Octopode Fire Elementalist on Nov 23, 2020.
             Slain by a worm (2 damage)
             ... on level 1 of the Dungeon.
             The game lasted 00:01:03 (1485 turns).

iamoutofideas the Firebug (OpFE)                    Turns: 1485, Time: 00:01:04

Health: 0/17       AC:  1    Str:  7    XL:     2   Next: 37%
Magic:  4/5        EV: 13    Int: 17    God:
Gold:   54         SH:  0    Dex: 12    Spells: 4/5 levels left

rFire    . . .     SeeInvis .   (no weapon)
rCold    . . .     Faith    .   (no shield)
rNeg     . . .     Spirit   .   (helmet restricted)
rPois    +         Reflect  .   (no amulet)
rElec    .         Harm     .   d - ring of flight
rCorr    .         Rampage  .   g - ring of poison resistance
MR       .....                  (no ring)
Stlth    +++.......             (no ring)
HPRegen  0.05/turn              (no ring)
MPRegen  0.09/turn              (no ring)
                                (no ring)
                                (no ring)

@: mighty, hasted, very quick
A: almost no armour, stealthy swim, amphibious, 8 rings, constrict 8, camouflage
1, gelatinous body 1
a: Evoke Flight


You were on level 1 of the Dungeon.
You visited 1 branch of the dungeon, and saw 2 of its levels.

You collected 54 gold pieces.

Inventory:

Jewellery
 d - a ring of flight (left tentacle)
 g - a ring of poison resistance (right tentacle)
Scrolls
 b - 4 scrolls of remove curse
 f - a scroll of blinking {unknown}
Potions
 e - a potion of lignification {unknown}


   Skills:
 + Level 2.1 Dodging
 + Level 3.1 Stealth
 + Level 2.1 Spellcasting
 + Level 1.0 Conjurations
 + Level 3.3 Fire Magic


You had 4 spell levels left.
You knew the following spells:

 Your Spells              Type           Power        Failure   Level
a - Foxfire               Conj/Fire      #...         8%          1

Your spell library contained the following spells:

 Spells                   Type           Power        Failure   Level
 Conjure Flame            Conj/Fire      #.......     24%         3
 Inner Flame              Hex/Fire       #.......     28%         3
 Sticky Flame             Conj/Fire      #.......     61%         4
 Fireball                 Conj/Fire      #.........   91%         5


Dungeon Overview and Level Annotations

Branches:
Dungeon (2/15)

Altars:


Innate Abilities, Weirdness & Mutations

You cannot wear most types of armour.
You are very stealthy in the water. (Stealth+)
You are amphibious.
You can wear up to eight rings at the same time.
You can use your tentacles to constrict eight enemies at once.
Your skin changes colour to match your surroundings (Stealth+).
Your rubbery body absorbs attacks. (AC +1, EV +1)


Message History

You climb upwards.
There is a stone staircase leading down here.
You closely miss the quokka. Your grab misses the quokka.
Your squeeze misses the quokka. The quokka bites you.
The worm closely misses you.
You closely miss the quokka. Your grab misses the quokka.
The quokka barely misses you. The quokka closely misses you.
Casting: Foxfire (safe; 8% risk of failure)
Confirm with . or Enter, or press ? or * to list all spells.
Nothing appears to happen.
The quokka bites you but does no damage.
The worm bites you!
Ouch! That really hurt!
* * * LOW HITPOINT WARNING * * *
It was a potion of haste.
You feel yourself speed up.
The quokka bites you but does no damage.
It was a potion of might.
You feel very mighty all of a sudden. The quokka closely misses you.
The worm bites you.
You die...

###### #....# # #....#
########....######
.......+....'..r@#
.#######....####w#
.#######....####.###
............(......#
..######..######.###
#.## #..# #.# #..#
#..######.############
...##
#....................#
....#
#..######.#########.##


You could see a worm and a quokka.

Vanquished Creatures
  2 hobgoblins (D:1)
  A kobold (D:1)
  5 bats (D:1)
  2 goblins (D:1)
  4 rats (D:1)
14 creatures vanquished.

Vanquished Creatures (others)
  41 foxfires
41 creatures vanquished.

Grand Total: 55 creatures vanquished

Notes
Turn   | Place    | Note
-------+----------+-------------------------------------------
     0 | D:1      | iamoutofideas the Octopode Fire Elementalist began the
                  | quest for the Orb.
     0 | D:1      | Reached XP level 1. HP: 11/11 MP: 3/3
   539 | D:1      | Reached XP level 2. HP: 17/17 MP: 3/5
  1485 | D:1      | Slain by a worm

Illustrated notes

Levels and vault maps discovered:
D:1:      dpeg_arrival_long_road, layout_basic, st_stairs_11
D:2:      minmay_wonky_spiral, layout_loops_ring, fountainhead,
          minmay_surrounded, uniq_terence, uniq_crazy_yiuf_cottage

Skill      XL: |  1  2 |
---------------+-------+-----
Stealth        | 3 |  3.1
Dodging        | |  2.1
Spellcasting   | |  2.1
Conjurations   | |  1.0
Fire Magic     | |  3.3

Action                   || total
-------------------------++-------
Melee: Unarmed           ||    19
       Constrict         ||     8
       Tentacles         ||     4
 Cast: Foxfire           ||    30
  Use: Potion            ||     2
       Scroll            ||     1
 Stab: Sleeping          ||     7
Armor: Skin              ||     3
Dodge: Dodged            ||    19

Table legend: (Time is in decaauts)
 A = Elapsed time spent in this place.
 B = Non-inter-level travel time spent in this place.
 C = Inter-level travel time spent in this place.
 D = Time resting spent in this place.
 E = Time spent auto-exploring this place.
 F = Levels seen in this place.
 G = Mean time per level.
                   A        B        C        D        E       F      G
               +--------+--------+--------+--------+--------+-----+--------+
         Total |   1487 |   1458 |     29 |    201 |   1076 |   2 |  743.5 |
       Dungeon |   1487 |   1458 |     29 |    201 |   1076 |   2 |  743.5 |
               +--------+--------+--------+--------+--------+-----+--------+

Top non-repeatable levels by time:
     D:1: 1417 daAuts
     D:2: 70 daAuts
